AoeStats
← VyM

Arabian Desert

510011374Analyzed
1v1 RM · 4d ago on Sep 29, 2026· 63m 16s· 2 players
Game mode
Random Map
Map size
Tiny (2 player)
Population
200
Speed
Normal
Resources
Standard
Victory
Conquest
Starting age
Dark Age
Ending age
Imperial Age
RankedLock teamsTeams togetherTeam positionsShared explorationLock speedFull tech treeHidden civsTurbo modeCheats
Victory
Defeat
🇦🇷 Malians · Argentina
1129
+15
🇦🇷 Huns · Argentina
1100
-15
SHAKA
9:42 Feudal Age
9:28 Loom
18:34 Double-Bit Axe
19:10 Horse Collar
20:41 Fletching
20:58 Scale Barding Armor
24:20 Padded Archer Armor
29:16 Castle Age
27:57 Wheelbarrow
27:07 Town Watch
29:29 Crossbowman
29:51 Pikeman
31:44 Husbandry
33:00 Heavy Plow
36:56 Bow Saw
38:10 Elite Skirmisher
38:56 Thumb Ring
38:48 Bodkin Arrow
39:41 Gold Mining
41:58 Forging
44:36 Hand Cart
44:21 Town Patrol
46:27 Stone Mining
47:12 Gold Shaft Mining
47:00 Chain Barding Armor
47:16 Iron Casting
46:57 Leather Archer Armor
51:15 Imperial Age
48:10 Light Cavalry
49:09 Bloodlines
52:34 Squires
54:00 Scale Mail Armor
55:01 Blast Furnace
53:44 Cavalier
54:39 Halberdier
56:34 Chain Mail Armor
60:58 Hussar
VyM
6:36 Loom
10:36 Feudal Age
10:44 Man-at-Arms
11:17 Double-Bit Axe
12:42 Town Watch
22:42 Castle Age
21:02 Fletching
22:07 Arson
23:21 Bodkin Arrow
23:39 Forging
23:49 Horse Collar
24:23 Bow Saw
24:32 Long Swordsman
25:59 Iron Casting
28:41 Scale Barding Armor
29:08 Husbandry
30:39 Gold Mining
31:46 Bloodlines
32:28 Wheelbarrow
32:35 Gold Shaft Mining
33:02 Town Patrol
35:46 Chain Barding Armor
39:05 Bodkin Arrow
39:34 Hand Cart
39:53 Scale Mail Armor
43:00 Heavy Plow
46:45 Imperial Age
44:20 Tigui
44:52 Chain Mail Armor
46:31 Stone Mining
48:18 Cavalier
51:59 Conscription
52:22 Farimba
56:05 Plate Barding Armor
61:54 Crop Rotation
62:52 Plate Mail Armor
Connection lost

Rejoining the realm…

Still unreachable

The connection could not be restored.

Session expired

The server has moved on; the page needs a fresh start.